 Dungeon Crawl Stone Soup version 0.31-a0-263-ge8cad7f256 (webtiles) character file.

Game seed: 11391829221243110837

81 qw the Shooter (level 4, -1/36 HPs)
             Began as a Minotaur Hexslinger on July 13, 2023.
             Slain by a hobgoblin (3 damage)
             ... led by Robin
             ... on level 2 of the Dungeon.
             The game lasted 00:00:28 (1042 turns).

qw the Shooter (Minotaur Hexslinger)                Turns: 1042, Time: 00:00:29

Health: -1/36      AC:  6    Str: 12 (13) XL:     4   Next: 19%
Magic:  4/4        EV: 10    Int: 10      God:
Gold:   87         SH:  0    Dex: 11 (14) Spells: 4/5 levels left

rFire   . . .        Y - +1 sling
rCold   . . .        (no shield)
rNeg    . . .        f - +0 ring mail
rPois   .            (helmet restricted)
rElec   .            (no cloak)
rCorr   .            g - +0 pair of gloves
SInv    .            (no boots)
Will    .....        (no amulet)
Stlth   +            (no ring)
HPRegen 0.26/turn    (no ring)
MPRegen 0.09/turn

%: no passive effects
@: no status effects
A: horns 2, retaliatory headbutt
a: no special abilities


You were on level 2 of the Dungeon.
You visited 1 branch of the dungeon, and saw 2 of its levels.

You collected 87 gold pieces.


Innate Abilities, Weirdness & Mutations

You have a pair of horns on your head.
You reflexively headbutt those who attack you in melee.


   Skills:
 - Level 2.0 Fighting
 + Level 4.5 Ranged Weapons
 - Level 1.2 Armour
 - Level 2.1 Dodging
 - Level 1.0 Spellcasting
 - Level 2.0 Hexes


You had 4 spell levels left.
You knew the following spells:

 Your Spells              Type           Power      Damage    Failure   Level
a - Slow                  Hex            16%        N/A       34%         1

Your spell library contained the following spells:

 Spells                   Type           Power      Damage    Failure   Level
 Inner Flame              Hex/Fire       2%         N/A       83%         3
 Portal Projectile        Hex/Tloc       4%         N/A       83%         3
 Cause Fear               Hex            2%         N/A       98%         4

Inventory:

Hand Weapons
 Y - a +1 sling (weapon)
Armour
 f - a +0 ring mail (worn)
 g - a +0 pair of gloves (worn)
Scrolls
 b - a scroll of immolation {unknown}
Potions
 a - a potion of berserk rage {unknown}
 c - a potion of heal wounds {unknown}
 d - a potion of might {unknown}

Dungeon Overview and Level Annotations

Branches:
Dungeon (2/15)

Altars:

Annotations:
D:2 Robin


Message History

The worm is heavily wounded.
Robin hits you from afar with a +0 spear.
The goblin hits you with a +0 club. The worm completely misses you.
You furiously retaliate!
You headbutt the worm! You shoot a sling bullet.
The sling bullet hits the worm.
You kill the worm!
Robin barely misses you. The goblin closely misses you.
You furiously retaliate!
You headbutt the goblin!
You kill the goblin!
Robin says, "Duck!"
Robin misses you. The goblin hits you but does no damage.
You shoot a sling bullet.
The sling bullet closely misses the goblin.
The sling bullet barely misses Robin.
The sling bullet barely misses the hobgoblin.
The sling bullet misses the goblin.
Robin hits you but does no damage. The goblin hits you with a +0 dagger.
You shoot a sling bullet. The sling bullet hits the goblin.
You kill the goblin!
The goblin no longer looks unusually strong.
Robin hits you from afar with a +0 spear.
You shoot a sling bullet.
The sling bullet hits the goblin but does no damage.
The goblin no longer looks unusually strong.
Robin closely misses you. The goblin hits you with a +0 club.
Robin closely misses you. The goblin barely misses you.
You furiously retaliate!
You headbutt the goblin. You shoot a sling bullet.
The sling bullet hits the goblin.
You kill the goblin!
Robin throws the goblin at you! The goblin hits you with a +0 club.
You shoot a sling bullet. The sling bullet hits the goblin.
You kill the goblin!
The goblin no longer looks unusually strong.
Robin barely misses you. The goblin hits you but does no damage.
You shoot a sling bullet.
The sling bullet hits the hobgoblin but does no damage.
The goblin no longer looks unusually strong.
The hobgoblin barely misses you. The goblin hits you with a +0 club.
Robin barely misses you. The hobgoblin hits you.
You die...

#.# #....#..# .#
#.#####.#.P#### #
######.#............
#........#####.......
.##.....# #####..#
##...## .... ##.##
..# #g# .# #@# #g#


ggg .ggg. ....... ......... +.........+ #.........# You could see Robin, 2
hobgoblins and 5 goblins.

Vanquished Creatures
  3 adders (D:2)
  A worm (D:2)
  3 dart slugs
  An orc (D:2)
  2 endoplasms (D:1)
  A giant cockroach (D:2)
  5 goblins
  4 hobgoblins
  4 jackals (D:1)
  A quokka (D:1)
  5 ball pythons (D:1)
  3 bats
  2 frilled lizards (D:1)
  5 kobolds
  5 rats (D:1)
45 creatures vanquished.

Notes
Turn   | Place    | Note
-------+----------+-------------------------------------------
     0 | D:1      | qw the Minotaur Hexslinger began the quest for the Orb.
     0 | D:1      | Reached XP level 1. HP: 16/16 MP: 1/1
     0 | D:1      | 0 ||| qw: Version: 0.3-a-52-g30416fa
     0 | D:1      | 0 ||| qw: Game counter: 7135
     0 | D:1      | 0 ||| qw: Melee chars always use a shield: true
     0 | D:1      | 0 ||| qw: God list: Okawaru
     0 | D:1      | 0 ||| qw: Allow faded altars: false
     0 | D:1      | 0 ||| qw: Do Orc after clearing Dungeon:15 true
     0 | D:1      | 0 ||| qw: Do second Lair branch before Depths: true
     0 | D:1      | 0 ||| qw: Lair rune preference: random
     0 | D:1      | 0 ||| qw: Goals: Normal
     0 | D:1      | 0 ||| PLANNING D:1-11
    14 | D:1      | 14 ||| FLEEEEING.
    71 | D:1      | Reached skill level 3 in Ranged Weapons
    71 | D:1      | Reached XP level 2. HP: 23/23 MP: 2/2
    78 | D:1      | You fall into a shaft and drop 1 floor!
    79 | D:2      | 79 ||| UPGRADING to +0 leather armour.
    89 | D:2      | 89 ||| DROPPING +0 robe.
    90 | D:2      | 90 ||| DROPPING ring of flight.
    91 | D:2      | 91 ||| DROPPING scroll of poison.
   470 | D:1      | Reached XP level 3. HP: 27/29 MP: 3/3
   568 | D:1      | 568 ||| UPGRADING to +0 ring mail.
   578 | D:1      | 578 ||| DROPPING +0 leather armour.
   579 | D:1      | 579 ||| UPGRADING to +0 pair of gloves.
   584 | D:1      | 584 ||| READING scroll labelled NULAZA WEOGOEW.
   585 | D:1      | 585 ||| DRINKING 2 smoky emerald potions.
   586 | D:1      | 586 ||| DRINKING 2 golden potions.
   587 | D:1      | 587 ||| DROPPING potion of attraction.
   588 | D:1      | 588 ||| DROPPING potion of degeneration.
   657 | D:2      | Reached skill level 4 in Ranged Weapons
   792 | D:2      | Reached skill level 1 in Armour
  1001 | D:2      | Reached XP level 4. HP: 36/36 MP: 4/4
  1027 | D:2      | Noticed Robin
  1039 | D:2      | HP: 9/36 [goblin/+0 club[Robin] (1)]
  1040 | D:2      | HP: 4/36 [goblin/+0 club[Robin] (5)]
  1042 | D:2      | Slain by a hobgoblin

Levels and vault maps discovered:
D:1:      wander_arrival_desolate, layout_loops_ring
D:2:      layout_loops_corners, hangedman_decor_riveting, chequers_avenue,
          corexii_shack, uniq_robin

Skill      XL: |  1  2  3 |
---------------+----------+-----
Ranged Weapons | 3 4 |  4.5
Fighting       | 2 |  2.0
Armour         | 1 |  1.2
Dodging        | |  2.1
Spellcasting   | |  1.0
Hexes          | |  2.0

Action                     |  1- 3 |  4- 6 || total
---------------------------+-------+-------++-------
   Fire: Sling             |   106 |    17 ||   123
    Use: Potion            |     2 |       ||     2
         Scroll            |     1 |       ||     1
 Armour: Leather armour    |    13 |       ||    13
         Robe              |     1 |       ||     1
         Ring mail         |     7 |     7 ||    14
  Dodge: Dodged            |    31 |    21 ||    52

Table legend:
 A = Non-vault XP
 B = Vault XP
 C = Vault XP percentage of total XP
 D = Non-vault monster count
 E = Vault monster count
 F = Vault count percentage of total count
                 A         B        C        D         E       F
            +---------+---------+-------+---------+---------+-------
      Total |     103 |      13 |  11.2 |      39 |       6 |  13.3
            +---------+---------+-------+---------+---------+-------
        D:1 |      49 |       0 |   0.0 |      30 |       0 |   0.0
        D:2 |      54 |      13 |  19.4 |       9 |       6 |  40.0
            +---------+---------+-------+---------+---------+-------
